Map: Abyssal Reef LE

Players

LigerMaNN - Winner!

  • Race: Zerg Zerg
  • League: Diamond
  • Spawn Location: 11:00

A.I. 1 (Very Easy)

  • Race: Protoss Protoss
  • Spawn Location: 5:00

VOD

Have the link to the VOD?

Description

Time

  • Played on: Dec. 18, 2017, 10:28 a.m.
  • Length: 7:03
Show
View Real Time Build Order
Export as new Build Order

LigerMaNN Zerg - Winner!

Build Orders: Hatch First 

Get SALT Encoding   

  12  0:01  Drone  
  13  0:12  Overlord  
  13  0:17  Drone  
  14  0:31  Drone x2  
  14  0:35  Drone  
  17  0:54  Hatchery  
  17  0:57  Drone  
  17  1:00  Drone  
  18  1:11  Extractor  
  17  1:16  Spawning Pool  
  17  1:18  Drone  
  17  1:22  Drone  
  18  1:28  Drone  
  19  1:38  Drone  
  20  1:49  Overlord  
  20  2:07  Queen x2  
  20  2:08  Zergling x4  
  26  2:15  Metabolic Boost  
  26  2:17  Drone  
  26  2:18  Drone  
  26  2:22  Drone  
  29  2:28  Overlord  
  29  2:45  Drone x2  
  29  2:48  Hatchery  
  29  2:51  Drone x2  
  32  3:03  Overlord x2  
  32  3:05  Drone  
  33  3:18  Queen x2  
  33  3:19  Drone  
  38  3:20  Drone  
  38  3:22  Drone  
  38  3:24  Drone  
  38  3:26  Drone  
  42  3:28  Drone  
  42  3:30  Drone  
  42  3:31  Drone  
  45  3:45  Drone x3  
  45  3:47  Extractor  
  47  3:48  Roach Warren  
  46  3:58  Drone  
  46  3:59  Drone x6  
  53  4:17  Queen x3  
  59  4:27  Drone  
  59  4:28  Zergling x10  
  59  4:29  Zergling x2  
  59  4:30  Overlord  
  66  4:32  Overlord  
  66  4:45  Overlord x3  
  66  4:50  Roach x3  
  66  4:51  Roach x2  
  76  4:58  Roach x3  
  82  5:05  Lair  
  82  5:08  Roach  
  84  5:20  Roach  
  84  5:21  Roach x2  
  90  5:23  Zergling x10  
  90  5:28  Drone x5  
  96  5:29  Drone x3  
  103  5:51  Extractor, Drone x3  
  103  5:52  Extractor, Drone  
  103  5:53  Drone  
  103  5:56  Overlord x4  
  106  6:18  Roach x10  
  124  6:38  Hydralisk Den  
  123  6:40  Evolution Chamber x2  
  123  6:41  Zergling x18  
  130  6:47  Extractor  
  130  6:48  Extractor, Drone x4  
  132  6:57  Ravager  
Show
View Real Time Build Order
Export as new Build Order

A.I. 1 (Very Easy) Protoss 

Build Orders:  

Get SALT Encoding   

  12  0:00  Probe  
  13  0:13  Probe  
  14  0:20  Pylon  
  14  0:36  Assimilator  
  14  0:43  Gateway  
  14  0:47  Pylon  
  14  1:16  Assimilator  
  14  1:28  Probe  
  14  1:31  Zealot  
  17  1:34  Cybernetics Core  
  17  1:41  Probe  
  18  1:53  Probe  
  19  2:05  Probe  
  20  2:10  Warp Gate  
  20  2:17  Probe  
  21  2:29  Probe  
  22  2:39  Stalker  
  24  4:07  Probe  
  24  5:20  Probe  
  24  6:14  Stalker  
  24  6:16  Pylon  
  22  6:29  Probe  
Tags
 
League
Diamond
Matchup
PvZ
Spawn Locations
Cross Positions
Add a new tag
Caveats
  • Supply blocks, unpowered buildings, or Contaminate may cause inaccurate times.
  • Supply counts are checked every 10 seconds.